 Dungeon Crawl Stone Soup version 0.26.0-20-g3ca415f5b8 (webtiles) character file.

Game seed: 7332852341624508116

77895 trckry the Quickloader (level 15, -5/92 HPs)
             Began as a Tengu Hunter on Jan 25, 2021.
             Was the Champion of Okawaru.
             Slain by a frost giant
             ... wielding a +2 battleaxe of freezing
              (8 damage)
             ... on level 14 of the Dungeon.
             The game lasted 01:31:20 (36229 turns).

trckry the Quickloader (Tengu Hunter)              Turns: 36229, Time: 01:31:20

Health: -5/92      AC: 24    Str: 17    XL:     15   Next: 58%
Magic:  22/22      EV: 13    Int: 21    God:    Okawaru [******]
Gold:   1294       SH:  0    Dex: 17    Spells: 14/14 levels left

rFire    + . .     SeeInvis .   a - +1 arbalest (vorpal)
rCold    . . .     Faith    +   (shield currently unavailable)
rNeg     . . .     Spirit   .   M - +0 plate armour
rPois    +         Reflect  .   O - +0 hat {Int+3}
rElec    .         Harm     .   K - +0 cloak of Parlour Games {rF+ Int+4}
rCorr    .         Rampage  .   k - +1 pair of gloves {Dex+3}
Will     ++...                  (boots unavailable)
Stlth    ..........             X - amulet of faith
HPRegen  0.25/turn              c - ring of poison resistance
MPRegen  0.18/turn              C - +4 ring of protection

@: flying quickly and evasively, slowed, very slow
A: beak, talons 3, thin metallic scales 1, strong-willed 1, able to fly
a: Stop Flying, Renounce Religion, Heroism, Finesse


You were on level 14 of the Dungeon.
You worshipped Okawaru.
Okawaru was exalted by your worship.
You visited 3 branches of the dungeon, and saw 21 of its levels.

You collected 1294 gold pieces.

Inventory:

Hand Weapons
 a - a +1 vorpal arbalest (weapon)
 b - a +0 quarterstaff of speed
 D - the +5 dagger of Ogorotz {antimagic, Str+2 Int+3 Dex+4 Stlth+}
   (You found it on level 7 of the Dungeon)

   It reduces the magical energy of the wielder, and disrupts the spells and
   magical abilities of those hit.
   Natural abilities and divine invocations are not affected.
   It affects your strength (+2).
   It affects your intelligence (+3).
   It affects your dexterity (+4).
   It makes you more stealthy.
Missiles
 d - 247 bolts (quivered ammo)
 n - 46 poisoned darts
 t - 2 throwing nets
 J - 6 curare-tipped darts
Armour
 k - a +1 pair of gloves of dexterity (worn)
 K - the +0 cloak of Parlour Games (worn) {rF+ Int+4}
   (Okawaru gifted it to you on level 13 of the Dungeon)

   It affects your intelligence (+4).
   It protects you from fire.
 M - a +0 plate armour (worn)
 O - a +0 hat of intelligence (worn)
Jewellery
 c - a ring of poison resistance (left hand)
 y - an uncursed ring of see invisible
 C - a +4 ring of protection (right hand)
 F - an uncursed ring of resist corrosion
 G - a +4 ring of evasion
 T - a +6 ring of intelligence
 X - an amulet of faith (around neck)
Wands
 p - a wand of acid (24)
 A - a wand of random effects (16)
 E - a wand of iceblast (22)
 I - a wand of enslavement (9)
 L - a wand of paralysis (16)
 P - a wand of digging (4)
 Q - a wand of disintegration (18)
 R - a wand of flame (9)
Scrolls
 e - 15 scrolls of identify
 f - 15 scrolls of remove curse
 h - 2 scrolls of enchant weapon
 m - 6 scrolls of teleportation
 q - 4 scrolls of amnesia
 x - 5 scrolls of magic mapping
 B - 3 scrolls of enchant armour
 H - 2 scrolls of blinking
 N - a scroll of brand weapon
 S - a scroll of silence
 U - a scroll of torment
Potions
 g - 6 potions of attraction
 i - a potion of ambrosia {unknown}
 j - 3 potions of might
 o - 2 potions of resistance
 r - a potion of curing
 s - a potion of mutation
 u - a potion of lignification
 v - a potion of cancellation
 w - a potion of berserk rage
 z - a potion of invisibility
 W - a potion of heal wounds
Miscellaneous
 l - a phial of floods
 V - a tin of tremorstones (2/2)


   Skills:
 + Level 9.7 Fighting
 * Level 13.1 Staves
 * Level 14.5 Crossbows
 + Level 10.2 Armour
 + Level 10.5 Dodging
 - Level 1.0 Stealth
 + Level 8.6 Invocations
 + Level 9.3 Evocations


You had 14 spell levels left.
You didn't know any spells.
Your spell library contained the following spells:

 Spells                   Type           Power        Failure   Level
 Beastly Appendage        Tmut           0%           99%         1
 Corona                   Hex            0%           99%         1
 Foxfire                  Conj/Fire      0%           99%         1
 Freeze                   Ice            0%           99%         1
 Slow                     Hex            0%           100%        2
 Wereblood                Tmut           0%           100%        2
 Conjure Flame            Conj/Fire      0%           100%        3
 Frozen Ramparts          Ice            0%           100%        3
 Inner Flame              Hex/Fire       0%           100%        3
 Ozocubu's Armour         Ice            0%           100%        3
 Portal Projectile        Hex/Tloc       0%           100%        3
 Spider Form              Tmut/Pois      0%           100%        3
 Cause Fear               Hex            0%           100%        4
 Hailstorm                Conj/Ice       0%           100%        4
 Ice Form                 Ice/Tmut       0%           100%        4
 Leda's Liquefaction      Hex/Erth       0%           100%        4
 Sticky Flame             Conj/Fire      0%           100%        4
 Summon Ice Beast         Ice/Summ       0%           100%        4
 Blade Hands              Tmut           0%           100%        5
 Fireball                 Conj/Fire      0%           100%        5


Dungeon Overview and Level Annotations

Branches:
Dungeon (14/15)            Temple (1/1) D:4            Lair (6/6) D:10
  Swamp (0/4) Lair:3        Snake (0/4) Lair:4        Slime (0/5) Lair:6
    Orc (0/2) D:10         Vaults (0/5) D:14

Altars:
Ashenzari
Cheibriados
Dithmenos
Elyvilon
Fedhas
Gozag
Hepliaklqana
Kikubaaqudgha
Makhleb
Nemelex Xobeh
Okawaru
Qazlal
Ru
Sif Muna
Trog
Uskayaw
Vehumet
Wu Jian
Xom
Yredelemnul
Zin
The Shining One
Lugonu

Shops:
D:4 =*   D:10 [   D:11 [

Portals:
Abyss: Lair:6

Annotations:
D:5 1 runed translucent door, qqq123's ghost, novice GrFi
Lair:2 exclusion: 2 oklob plants


Innate Abilities, Weirdness & Mutations

You have a beak for a mouth.
You have claws for feet.
You can fly continuously.
You are partially covered in thin metallic scales. (AC +2)
You are strong-willed. (Will+)


Message History

The yaktaur closely misses you.
Fire: 249 bolts
Press: ? - help, Q - select action, (/) - cycle Shift-Dir - straight line, f/p - yaktaur
Aim: a yaktaur, quivering 32 bolts (severely wounded)
You shoot a bolt. The bolt hits the yaktaur.
The yaktaur is severely wounded.
The yaktaur barely misses you.
The yaktaur hits you but does no damage.
Fire: 248 bolts
Press: ? - help, Q - select action, (/) - cycle Shift-Dir - straight line, f/p - yaktaur
Aim: a yaktaur, quivering 32 bolts (severely wounded)
You shoot a bolt. The bolt hits the yaktaur!
You kill the yaktaur!
Okawaru accepts your kill.
You start resting.
A frost giant comes into view.
It is wielding a +2 battleaxe of freezing.
The frost giant hits you with a +2 battleaxe of freezing!!
* * * LOW HITPOINT WARNING * * *
The frost giant freezes you!
You die...

.###.# #.####.# #.# #..## #
.# ##. ##.# ### #.# #...####
.# ##..# #.# #..#.... ..#
...##...##
######.####.###...
.............###...........#
#...
#.......................####
#...
....###########...#######
###. ##.## ## #@.# # ##C# #
.... ...(.# .....## .....(#
#......# .......#


You could see a frost giant.

Vanquished Creatures
  Gastronok (Lair:2)
  A sphinx (D:14)
  8 vault guards
  Erolcha (D:11)
  5 hydras
  3 two-headed ogres
  4 boulder beetles
  7 death yaks
  A tengu warrior (D:14)
  14 skeletal warriors
  An unseen horror (D:12)
  2 cyclopes
  6 ugly things
  4 manticores
  25 cane toads
  3 black mambas
  A gargoyle (D:12)
  2 centaur skeletons
  A rime drake (Lair:5)
  A yaktaur (D:14)
  5 komodo dragons
  3 trolls
  2 polar bears
  4 tyrant leeches
  Grinder (D:5)
  36 blink frogs
  9 slime creatures
  Sigmund (D:4)
  8 redbacks (D:13)
  A shadow (D:11)
  2 wraiths
  45 yaks
  4 wyverns
  A vampire (D:11)
  A steam dragon (D:9)
  8 vampire mosquitoes
  Menkaure (D:4)
  2 nagas (Lair:4)
  A soldier ant (D:12)
  An acid dragon (D:13)
  9 water moccasins
  6 orc warriors
  3 sky beasts
  An ice beast (D:13)
  3 black bears (D:10)
  An eye of draining (D:8)
  5 phantoms
  A necrophage (D:9)
  12 wolves
  8 ogres
  A centaur (D:9)
  4 big kobolds
  Blork the orc (D:4)
  29 bullfrogs
  A water moccasin skeleton (D:5)
  5 scorpions
  11 killer bees
  7 jellies
  13 wights
  An electric eel (Lair:6)
  2 centaur zombies
  2 quasits
  5 bullfrog skeletons
  10 hounds
  5 orc priests
  Crazy Yiuf (D:4)
  10 iguanas
  22 orc wizards
  11 worker ants
  2 hound zombies
  A hound skeleton (D:4)
  2 worker ant zombies
  18 gnolls
  12 adders
  2 shadow imps
  5 white imps
  2 ufetubi
  3 oozes
  3 worms
  A dart slug (D:1)
  2 leopard geckos
  47 orcs
  A ball python (D:6)
  7 giant cockroaches
  13 goblins
  13 hobgoblins
  2 jackals (D:7)
  27 kobolds
  5 quokkas
  7 bats
  8 frilled lizards
  A jackal skeleton (D:4)
  A leopard gecko skeleton (D:4)
  4 rats
  A lurking horror (Lair:6)
607 creatures vanquished.

Vanquished Creatures (others)
  An orc wizard (D:9)
  A bush (Lair:6)
  62 fungi
  125 plants
189 creatures vanquished.

Grand Total: 796 creatures vanquished

Notes
Turn   | Place    | Note
-------+----------+-------------------------------------------
     0 | D:1      | trckry the Tengu Hunter began the quest for the Orb.
     0 | D:1      | Reached XP level 1. HP: 12/12 MP: 2/2
   191 | D:1      | Reached XP level 2. HP: 17/17 MP: 3/3
   554 | D:1      | Reached skill level 1 in Staves
   566 | D:1      | Reached XP level 3. HP: 20/21 MP: 4/4
  1032 | D:2      | Reached skill level 1 in Armour
  1038 | D:2      | Gained mutation: You are strong-willed. (Will+) [potion of
                  | mutation]
  1038 | D:2      | Gained mutation: You are partially covered in thin metallic
                  | scales. (AC +2) [potion of mutation]
  1047 | D:2      | HP: 2/21 [bat (1)]
  1052 | D:2      | HP: 1/21 [poisoned by an adder]
  1574 | D:2      | Found a radiant altar of Vehumet.
  1613 | D:2      | Reached XP level 4. HP: 20/26 MP: 5/5
  1795 | D:2      | Reached skill level 1 in Evocations
  2010 | D:3      | Reached skill level 5 in Crossbows
  2059 | D:3      | Reached skill level 1 in Invocations
  2331 | D:3      | Gained mutation: You can fly continuously. [Tengu growth]
  2331 | D:3      | Reached XP level 5. HP: 31/31 MP: 6/6
  2518 | D:3      | You are sucked into a shaft and drop 2 floors!
  2518 | D:5      | Entered Level 5 of the Dungeon
  2522 | D:5      | Found a white marble altar of Elyvilon.
  2575 | D:5      | Noticed a phantom
  2586 | D:5      | Killed a phantom
  2587 | D:5      | Reached XP level 6. HP: 30/36 MP: 6/8
  2866 | D:5      | Found a runed translucent door.
  2869 | D:5      | Noticed qqq123's ghost (novice GrFi)
  3117 | D:5      | Reached skill level 6 in Crossbows
  3120 | D:5      | Reached XP level 7. HP: 41/41 MP: 9/9
  3426 | D:4      | Found Seadghuh's Jewellery Boutique.
  3861 | D:4      | Noticed Blork the orc
  3871 | D:4      | Killed Blork the orc
  3943 | D:4      | Reached XP level 8. HP: 43/47 MP: 10/10
  3945 | D:4      | Found Zin's Purification Station.
  3949 | D:4      | Noticed Menkaure
  3950 | D:4      | Found a glowing silver altar of Zin.
  3958 | D:4      | Killed Menkaure
  3999 | D:3      | Reached skill level 7 in Crossbows
  4485 | D:4      | Found a runed translucent door.
  4486 | D:4      | Noticed Crazy Yiuf
  4519 | D:4      | Noticed Sigmund
  4538 | D:4      | Killed Sigmund
  4597 | D:4      | Killed Crazy Yiuf
  5495 | D:4      | Found a staircase to the Ecumenical Temple.
  5981 | Temple   | Entered the Ecumenical Temple
  6161 | Temple   | Became a worshipper of Warmaster Okawaru
  6222 | D:5      | Reached XP level 9. HP: 52/52 MP: 12/12
  6260 | D:5      | Found an ornate altar of the Wu Jian Council.
  6619 | D:5      | Noticed Grinder
  6637 | D:5      | Paralysed by Grinder for 4 turns
  6642 | D:5      | Killed Grinder
  6643 | D:5      | Reached skill level 5 in Dodging
  6789 | D:5      | Reached skill level 8 in Crossbows
  7600 | D:7      | Reached * piety under Okawaru
  7898 | D:7      | Got a shimmering dagger
  7912 | D:7      | Got a brightly glowing leather armour
  7923 | D:7      | Identified the +2 leather armour "Utase" {Will+} (You found
                  | it on level 7 of the Dungeon)
  7934 | D:7      | Identified the +5 dagger of Ogorotz {antimagic, Str+2 Int+3
                  | Dex+4 Stlth+} (You found it on level 7 of the Dungeon)
  8464 | D:7      | Found a hazy altar of Hepliaklqana.
  8572 | D:7      | Reached skill level 5 in Staves
  8610 | D:7      | Reached skill level 5 in Fighting
  8864 | D:8      | Reached skill level 5 in Armour
  8875 | D:8      | Reached ** piety under Okawaru
  8876 | D:8      | Reached XP level 10. HP: 55/59 MP: 14/14
  8955 | D:8      | Reached skill level 9 in Crossbows
 10042 | D:9      | Found a stormy altar of Qazlal.
 10059 | D:9      | Reached *** piety under Okawaru
 10246 | D:9      | Reached skill level 5 in Evocations
 10949 | D:10     | Entered Level 10 of the Dungeon
 11035 | D:10     | Got a brightly glowing war axe
 11036 | D:10     | Identified the +5 war axe of Osijou {vamp, *Drain MP+9
                  | Int+5} (You found it on level 10 of the Dungeon)
 11493 | D:10     | Found a staircase to the Lair.
 11561 | D:10     | Reached **** piety under Okawaru
 11590 | D:10     | Reached skill level 5 in Invocations
 12101 | D:10     | Reached XP level 11. HP: 48/64 MP: 15/15
 12328 | D:10     | Received a gift from Okawaru
 12329 | D:10     | Reached skill level 10 in Crossbows
 12342 | D:10     | Found Rurph's Armour Emporium.
 12342 | D:10     | Found a staircase to the Orcish Mines.
 12783 | D:11     | Noticed a skeletal warrior
 12783 | D:11     | Noticed a skeletal warrior
 12783 | D:11     | Noticed a skeletal warrior
 13145 | D:10     | Killed a skeletal warrior
 13475 | D:11     | Noticed Erolcha
 13490 | D:11     | Killed Erolcha
 13776 | D:11     | Received a gift from Okawaru
 13868 | D:11     | Noticed a boulder beetle
 13883 | D:11     | HP: 3/64 [boulder beetle (17)]
 13885 | D:11     | Killed a boulder beetle
 14745 | D:11     | Found Zafarr's Armour Shoppe.
 15014 | D:11     | Noticed a skeletal warrior
 15058 | D:11     | HP: 4/66 [skeletal warrior/+0 halberd[a skeletal warrior]
                  | (18)]
 15504 | D:11     | Noticed a skeletal warrior
 15562 | D:10     | Killed a skeletal warrior
 15562 | D:10     | Reached ***** piety under Okawaru
 15997 | D:10     | Killed a skeletal warrior
 16328 | D:11     | Killed a skeletal warrior
 16328 | D:11     | Received a gift from Okawaru
 16534 | D:12     | Noticed an unseen horror
 16544 | D:12     | Killed an unseen horror
 16544 | D:12     | Received a gift from Okawaru
 16545 | D:12     | Reached skill level 11 in Crossbows
 16550 | D:12     | Noticed a manticore
 16555 | D:12     | Reached XP level 12. HP: 71/71 MP: 17/17
 16555 | D:12     | Noticed a two-headed ogre
 16576 | D:12     | Noticed an eight-headed hydra
 17603 | D:11     | Killed a two-headed ogre
 17617 | D:12     | Received a gift from Okawaru
 17982 | D:12     | Killed an eight-headed hydra
 18363 | D:12     | Got a pair of scorched gloves
 18374 | D:12     | Identified the +1 pair of gloves of Intercession {Will-
                  | Regen+ Int-3 Dex+8} (You found it on level 12 of the
                  | Dungeon)
 18643 | Lair:1   | Entered Level 1 of the Lair of Beasts
 19727 | Lair:2   | Noticed a death yak
 19727 | Lair:2   | Noticed a death yak
 19727 | Lair:2   | Noticed a death yak
 19741 | Lair:2   | Noticed a death yak
 19833 | Lair:1   | Killed a death yak
 20048 | Lair:2   | Noticed Gastronok
 20067 | Lair:2   | Killed Gastronok
 20068 | Lair:2   | Reached skill level 10 in Staves
 20423 | Lair:2   | Reached skill level 12 in Crossbows
 20714 | Lair:2   | Noticed a five-headed hydra
 20717 | Lair:2   | Killed a death yak
 20718 | Lair:2   | Reached XP level 13. HP: 62/77 MP: 16/19
 20769 | Lair:2   | Received a gift from Okawaru
 21777 | Lair:3   | Received a gift from Okawaru
 21932 | Lair:3   | Found a staircase to the Swamp.
 21982 | Lair:3   | Received a gift from Okawaru
 22277 | Lair:3   | Received a gift from Okawaru
 23497 | Lair:4   | Found a staircase to the Snake Pit.
 24605 | Lair:4   | Received a gift from Okawaru
 24950 | Lair:4   | Reached skill level 13 in Crossbows
 25210 | Lair:4   | Reached XP level 14. HP: 68/84 MP: 20/20
 25970 | Lair:5   | Reached ****** piety under Okawaru
 26332 | Lair:5   | Received a gift from Okawaru
 27267 | Lair:6   | Entered Level 6 of the Lair of Beasts
 29261 | Lair:6   | Received a gift from Okawaru
 29670 | Lair:6   | Found a one-way gate to the infinite horrors of the Abyss.
 29671 | Lair:6   | Found a corrupted altar of Lugonu.
 29693 | Lair:6   | Found a staircase to the Slime Pits.
 31651 | D:12     | Reached skill level 10 in Dodging
 32591 | D:13     | Received a gift from Okawaru
 33112 | D:13     | Received a gift from Okawaru
 33340 | D:13     | Got a twisted cloak {god gift}
 33351 | D:13     | Identified the +0 cloak of Parlour Games {rF+ Int+4}
                  | (Okawaru gifted it to you on level 13 of the Dungeon)
 33380 | D:13     | Reached skill level 14 in Crossbows
 33380 | D:13     | Reached XP level 15. HP: 90/90 MP: 22/22
 34631 | D:14     | Reached skill level 10 in Armour
 35378 | D:13     | Received a gift from Okawaru
 35732 | D:14     | Found a gate to the Vaults.
 36205 | D:14     | Noticed a sphinx
 36219 | D:14     | Killed a sphinx
 36219 | D:14     | Received a gift from Okawaru
 36229 | D:14     | Noticed a frost giant
 36229 | D:14     | HP: 3/92 [frost giant/+2 battleaxe of freezing (18)]
 36229 | D:14     | Slain by a frost giant

Illustrated notes

Levels and vault maps discovered:
D:1:      ebering_trefoil_twist, layout_basic
D:2:      layout_rooms, lemuel_doored_altar, grunt_decor_one_mirror,
          minmay_misc_feat_room
D:3:      layout_rooms
D:4:      layout_basic, zin_purify, minmay_temple_entry_overgrown, serial_shops,
          shop, uniq_blork_the_orc, uniq_crazy_yiuf_cottage, uniq_sigmund,
          uniq_menkaure
D:5:      layout_gridville, pdpol_wu_jian_five_deadly_venoms,
          nicolae_overflow_crystal_walls, hellmonk_ghost_happy_afterlife,
          minmay_a_box_with_orc_wizards_in_it, uniq_grinder
D:6:      layout_loops_cross
D:7:      layout_rooms, basic_altar
D:8:      minmay_diamond_stairs, layout_loops_cross, serial_park_tiny_2
D:9:      layout_roguey, overflow_temple_1_default, grunt_ministairs_11,
          serial_park_tiny_1
D:10:     layout_irregular_city, due_lair_maze_entry_diamond, orc_david_3,
          minmay_starry_boxes
D:11:     layout_basic, serial_glass, glass_columns_a, glass_columns_c,
          glass_columns_b, glass_columns_b, item_on_display_a,
          item_on_display_a, serial_shops, nicolae_shop_window_shopping,
          minivault_19, uniq_erolcha
D:12:     layout_small_grid
D:13:     layout_basic, drop_trap
D:14:     minmay_glassy_protrusions, layout_layer_cave, erik_vaults_2,
          corexii_corridor_pit
Temple:   bh_familiar_temple
Lair:1:   layout_concentric_octagons
Lair:2:   layout_loops_ring, minmay_lair_oklob_chamber, uniq_gastronok
Lair:3:   layout_gridlike, swamp_mist, guppyfry_lair_drakes
Lair:4:   layout_hall_layers, guppyfry_snake_entry_garden
Lair:5:   layout_cave_pods, grunt_megastairs_2
Lair:6:   minmay_lair_end_frog_pond, layout_regular_city,
          minmay_slime_entry_pillars, serial_rivers,
          chequers_serial_rivers_room_a, chequers_serial_rivers_micro_e,
          chequers_serial_rivers_small_a, chequers_serial_rivers_micro_a,
          chequers_serial_rivers_marsh, chequers_serial_rivers_marsh,
          amcnicky_altar_lugonu_corruption

Skill      XL: |  1  2  3  4  5  6  7  8  9 10 11 12 13 14 15 |
---------------+----------------------------------------------+-----
Staves         | 1 3 5 7 8 10 11 12 13 | 13.1
Armour         | 1 2 3 4 5 6 7 8 9 10 | 10.2
Evocations     | 1 2 3 4 5 6 7 8 9 |  9.3
Crossbows      | 5 6 7 8 9 11 12 13 14 | 14.5
Invocations    | 1 2 3 4 5 6 7 8 |  8.6
Dodging        | 3 4 5 6 7 8 9 10 | 10.5
Fighting       | 3 4 5 6 7 8 9 |  9.7
Stealth        | |  1.0

Action                   |  1- 3 |  4- 6 |  7- 9 | 10-12 | 13-15 || total
-------------------------+-------+-------+-------+-------+-------++-------
Melee: Short sword       |    79 |    73 |    65 |       |       ||   217
       Kick              |    14 |    15 |    61 |   207 |   360 ||   657
       Peck              |     5 |    14 |    37 |   145 |   256 ||   457
       Hand crossbow     |       |     2 |       |       |       ||     2
       Quarterstaff      |       |       |   187 |   691 |   940 ||  1818
       Arbalest          |       |       |       |     1 |       ||     1
 Fire: Hand crossbow     |     8 |    77 |   160 |    66 |       ||   311
       Arbalest          |       |       |       |   124 |   599 ||   723
Throw: Dart              |    12 |    24 |    54 |    37 |     9 ||   136
Invok: Heroism           |       |       |       |     4 |       ||     4
       Finesse           |       |       |       |     3 |     2 ||     5
 Abil: Fly               |       |     1 |       |       |     1 ||     2
       Stop Flying       |       |       |       |     1 |       ||     1
Evoke: Wand              |       |       |       |     5 |     1 ||     6
       Tin of tremorston |       |       |       |       |     1 ||     1
  Use: Potion            |     3 |       |       |     3 |     1 ||     7
       Scroll            |       |       |       |    23 |     5 ||    28
 Stab: Sleeping          |     2 |       |       |       |       ||     2
       Petrifying        |       |       |       |     3 |       ||     3
       Paralysed         |       |       |       |     4 |     3 ||     7
       Petrified         |       |       |       |    12 |       ||    12
       Confused          |       |       |       |     3 |     2 ||     5
Armor: Leather armour    |    32 |       |       |       |       ||    32
       Chain mail        |     9 |   101 |   208 |   143 |       ||   461
       Plate armour      |       |       |       |   293 |   507 ||   800
Dodge: Dodged            |    58 |    43 |   152 |   335 |   507 ||  1095
